 Dungeon Crawl Stone Soup version 0.22-a0-605-g9281fa2 (webtiles) character file.

2402 Gildeon the Spear-Bearer (level 9, -9/58 HPs)
             Began as an Octopode Fighter on July 8, 2018.
             Was an Elder of Okawaru.
             Mangled by a troll (14 damage)
             ... on level 7 of the Dungeon.
             The game lasted 00:38:17 (6327 turns).

Gildeon the Spear-Bearer (Octopode Fighter)         Turns: 6327, Time: 00:38:18

Health: -9/58      AC:  1    Str: 15    XL:     9   Next: 47%
Magic:  9/9        EV: 21    Int: 12    God:    Okawaru [****..]
Gold:   370        SH: 12    Dex: 25    Spells: 8/8 levels left

rFire    x . .     SeeInvis .   a - +1 trident
rCold    + . .     Gourm    .   b - +1 shield
rNeg     . . .     Faith    .   (helmet restricted)
rPois    .         Spirit   .   (no amulet)
rElec    .         Reflect  .   f - +4 ring of dexterity
rCorr    .         Harm     .   q - +3 ring of dexterity
MR       .....                  v - ring of ice
Stlth    +++++++...             (no ring)
HPRegen  0.19/turn              (no ring)
MPRegen  0.11/turn              (no ring)
                                (no ring)
                                (no ring)

@: agile
A: almost no armour, stealthy swim, amphibious, 8 rings, constrict 8, camouflage
1, gelatinous body 1
a: Heroism, Renounce Religion


You were on level 7 of the Dungeon.
You worshipped Okawaru.
Okawaru was greatly pleased with you.
You were not hungry.

You visited 1 branch of the dungeon, and saw 7 of its levels.

You collected 370 gold pieces.

Inventory:

Hand Weapons
 a - a +1 trident (weapon)
Armour
 b - a +1 shield (worn)
Jewellery
 f - a +4 ring of dexterity (left tentacle)
 q - a +3 ring of dexterity (right tentacle)
 v - a ring of ice (on tentacle)
Wands
 c - a wand of scattershot (5)
 j - a wand of flame (5)
 p - a wand of polymorph (8)
Scrolls
 e - 2 scrolls of teleportation
 g - 3 scrolls of remove curse
 i - a scroll of fog
Potions
 h - a potion of lignification
 l - 2 potions of brilliance {unknown}
 m - a potion of flight
 n - 3 potions of magic
 o - a potion of haste {unknown}
 r - 3 potions of heal wounds {unknown}
 t - a potion of curing
 u - a potion of invisibility {unknown}
Comestibles
 d - 6 rations
 s - a chunk of flesh


   Skills:
 + Level 3.7 Fighting
 * Level 9.1 Polearms
 - Level 5.0 Dodging
 + Level 8.7 Stealth
 - Level 5.0 Shields


You had 8 spell levels left.
You didn't know any spells.
Your spell library was empty.

Dungeon Overview and Level Annotations

Branches:
Dungeon (7/15)
 Temple: D:4-7

Altars:
Ashenzari
Dithmenos
Elyvilon
Gozag
Hepliaklqana
Kikubaaqudgha
Okawaru
Sif Muna
Trog
Uskayaw
Xom
The Shining One

Shops:
D:6 !

Annotations:
D:5 1 runed door, Dowan; Duvessa; TheNamelessOne's ghost, novice DsCK


Innate Abilities, Weirdness & Mutations

You cannot wear most types of armour.
You are very stealthy in the water. (Stealth+)
You are amphibious.
You can wear up to eight rings at the same time.
You can use your tentacles to constrict eight enemies at once.
Your skin changes colour to match your surroundings (Stealth+).
Your rubbery body absorbs attacks. (AC +1, EV +1)


Message History

The orc warrior is severely wounded.
You constrict the orc warrior.
You hit the orc warrior but do no damage.
You squeeze the orc warrior, but do no damage.
The orc warrior is almost dead.
You constrict the orc warrior.
You kill the orc warrior!
Okawaru accepts your kill.
The orc throws a tomahawk.
The tomahawk misses you.
You puncture the troll! You squeeze the troll!
The troll is heavily wounded.
The orc throws a tomahawk.
You block the tomahawk. The troll bites you!!
The troll claws you but does no damage. The troll claws you!
* * * LOW HITPOINT WARNING * * *
You closely miss the troll.
The troll is heavily wounded.
The orc throws a tomahawk.
The tomahawk hits you but does no damage.
The troll bites you!
You die...

#############
#§T§§§§o.....
#@######....#
#########§######
..#
#.......§oo.....oo
.
#.........§.......
#.............o...
#.................
#.<...............
#........>........
#............(....


You could see a troll and 2 orcs.

Vanquished Creatures
  Sigmund (D:6)
  Eustachio (D:5)
  A wyvern (D:5)
  2 orc warriors
  A sky beast (D:5)
  3 ice beasts
  2 ogres
  A phantom (D:4)
  2 bullfrogs (D:6)
  A scorpion (D:6)
  A howler monkey (D:4)
  2 vampire bats (D:4)
  A crimson imp (D:6)
  2 orc priests
  5 orc wizards
  2 bullfrog skeletons (D:5)
  Jessica (D:2)
  An iguana (D:5)
  10 worker ants
  A killer bee zombie (D:5)
  A hound skeleton (D:5)
  A worker ant zombie (D:5)
  10 adders
  A shadow imp (D:7)
  2 oozes
  An adder zombie (D:6)
  An adder skeleton (D:6)
  4 worms
  6 leopard geckos
  13 orcs
  A ball python (D:1)
  2 bat skeletons (D:4)
  3 bat zombies (D:4)
  8 giant cockroaches
  7 goblins
  5 hobgoblins
  5 jackals
  7 kobolds
  A quokka (D:4)
  10 bats
  3 frilled lizards
  A jackal zombie (D:7)
  4 rats (D:1)
138 creatures vanquished.

Vanquished Creatures (others)
  An orc (D:5)
1 creature vanquished.

Grand Total: 139 creatures vanquished

Notes
Turn   | Place    | Note
-------+----------+-------------------------------------------
     0 | D:1      | Gildeon the Octopode Fighter began the quest for the Orb.
     0 | D:1      | Reached XP level 1. HP: 16/16 MP: 1/1
   162 | D:1      | Reached XP level 2. HP: 21/21 MP: 2/2
   167 | D:1      | Reached skill level 1 in Stealth
   376 | D:1      | Reached XP level 3. HP: 26/26 MP: 3/3
   591 | D:2      | Reached skill level 3 in Polearms
   607 | D:2      | Found a shadowy altar of Dithmenos.
   696 | D:2      | Found an iron altar of Okawaru.
   703 | D:2      | Became a worshipper of Warmaster Okawaru
  1098 | D:2      | Found a hazy altar of Hepliaklqana.
  1217 | D:2      | Noticed Jessica
  1223 | D:2      | Reached XP level 4. HP: 17/31 MP: 4/4
  1224 | D:2      | Killed Jessica
  1410 | D:2      | Found a shimmering altar of Xom.
  1892 | D:3      | Found a hide-covered altar of Uskayaw.
  1971 | D:3      | Reached XP level 5. HP: 36/36 MP: 5/5
  2212 | D:4      | Reached skill level 4 in Polearms
  2297 | D:4      | Noticed a phantom
  2309 | D:4      | Killed a phantom
  2309 | D:4      | Reached * piety under Okawaru
  2309 | D:4      | Reached XP level 6. HP: 30/42 MP: 6/6
  2494 | D:4      | Found an ancient bone altar of Kikubaaqudgha.
  2515 | D:4      | Reached skill level 5 in Polearms
  2876 | D:4      | Reached XP level 7. HP: 24/46 MP: 7/7
  2883 | D:4      | Reached ** piety under Okawaru
  2883 | D:4      | Reached skill level 5 in Stealth
  3421 | D:5      | Entered Level 5 of the Dungeon
  3435 | D:5      | Noticed Eustachio
  3437 | D:5      | Reached skill level 6 in Polearms
  3437 | D:5      | Reached skill level 5 in Dodging
  3442 | D:5      | Killed Eustachio
  3442 | D:5      | Reached XP level 8. HP: 26/52 MP: 5/8
  3468 | D:5      | Found an opulent altar of Gozag.
  3732 | D:5      | Reached skill level 7 in Polearms
  3994 | D:5      | Noticed a wyvern
  3994 | D:5      | a scorpion changed into a wyvern
  4012 | D:5      | Killed a wyvern
  4012 | D:5      | Reached *** piety under Okawaru
  4614 | D:5      | Noticed Dowan
  4653 | D:5      | Found a bloodstained altar of Trog.
  4671 | D:5      | Noticed Duvessa
  5043 | D:5      | Found a glowing golden altar of the Shining One.
  5111 | D:5      | Reached skill level 8 in Polearms
  5118 | D:5      | Found a runed door.
  5130 | D:5      | Noticed TheNamelessOne's ghost (novice DsCK)
  5231 | D:6      | Reached XP level 9. HP: 56/56 MP: 9/9
  5361 | D:6      | Reached skill level 5 in Shields
  5749 | D:6      | Found a white marble altar of Elyvilon.
  5764 | D:6      | Found Vochos's Distillery.
  5868 | D:6      | Noticed Sigmund
  5882 | D:6      | Found a deep blue altar of Sif Muna.
  5902 | D:6      | Killed Sigmund
  5902 | D:6      | Reached **** piety under Okawaru
  5902 | D:6      | Reached skill level 9 in Polearms
  6246 | D:7      | Found a shattered altar of Ashenzari.
  6307 | D:7      | Noticed a troll
  6327 | D:7      | Mangled by a troll

Vault maps used:
D:1:      tarquinn_simple_flora_water_c, item_on_display_b
D:2:      lemuel_round_altar, lemuel_crystal_altar,
          lemuel_coloured_pillars_altar, marbit_many_paths, first_ration,
          uniq_jessica
D:3:      eat_drink_and_be_merry_uskayaw, moated_statue
D:4:      kennysheep_vampire_church
D:5:      lemuel_ice_spiral_2, overflow_temple_1_default,
          nicolae_overflow_crystal_walls, ebering_ghost_reflecting_pool,
          nicolae_tso_carved_into_rock, uniq_duvessa, uniq_eustachio
D:6:      kennysheep_mini, old_standard_altar, serial_shops, shop, minivault_24,
          kennysheep_another_room, uniq_sigmund
D:7:      hangedman_cross_stitches, nicolae_overflow_hidden_temple,
          minmay_temple_entry_overgrown, kennysheep_generic_room_12

Skill      XL: |  1  2  3  4  5  6  7  8  9 |
---------------+----------------------------+-----
Stealth        | 1 2 4 6 7 8 |  8.7
Polearms       | 3 4 5 6 8 9 |  9.1
Dodging        | 4 5 |  5.0
Shields        | 4 5 |  5.0
Fighting       | |  3.7

Action                   |  1- 3 |  4- 6 |  7- 9 || total
-------------------------+-------+-------+-------++-------
Melee: Trident           |    85 |    82 |   206 ||   373
       Constrict         |    17 |    23 |    38 ||    78
       Tentacles         |     8 |    21 |    57 ||    86
       Punch             |       |       |     1 ||     1
Invok: Heroism           |       |       |     2 ||     2
Evoke: Wand              |       |       |    13 ||    13
  Use: Scroll            |     4 |     6 |     5 ||    15
       Potion            |     1 |       |     8 ||     9
 Stab: Sleeping          |    10 |    11 |    11 ||    32
  Eat: Chunk             |     1 |     4 |     1 ||     6
       Ration            |       |     1 |     3 ||     4
Armor: Skin              |     4 |     4 |     9 ||    17
Dodge: Dodged            |    30 |    35 |    61 ||   126
Block: Shield            |    27 |    30 |    67 ||   124

Table legend:
 A = Spawn XP
 B = Non-spawn XP
 C = Spawn XP percentage of total XP
 D = Spawn monster count
 E = Non-spawn monster count
 F = Spawn count percentage of total count
 G = Total turns spent on level
                    A         B        C        D         E        F      G
               +---------+---------+-------+---------+---------+-------+---------
         Total |       0 |    3432 |   0.0 |       0 |     138 |   0.0 |  6327
               +---------+---------+-------+---------+---------+-------+---------
           D:1 |       0 |      46 |   0.0 |       0 |      28 |   0.0 |   569
           D:2 |       0 |      88 |   0.0 |       0 |      14 |   0.0 |  1068
           D:3 |       0 |      35 |   0.0 |       0 |      11 |   0.0 |   425
           D:4 |       0 |     751 |   0.0 |       0 |      29 |   0.0 |  1359
           D:5 |       0 |    1313 |   0.0 |       0 |      26 |   0.0 |  1744
           D:6 |       0 |    1034 |   0.0 |       0 |      24 |   0.0 |   994
           D:7 |       0 |     165 |   0.0 |       0 |       6 |   0.0 |   168
               +---------+---------+-------+---------+---------+-------+---------
